 Dungeon Crawl Stone Soup version 0.23-a0-650-ga4d50d4 (console) character file.

95 bli the Chopper (level 4, -2/35 HPs)
             Began as a Formicid Abyssal Knight on Jan 4, 2019.
             Was a Believer of Lugonu.
             Slain by a kobold (4 damage)
             ... on level 3 of the Dungeon.
             The game lasted 00:06:15 (2201 turns).

bli the Chopper (Formicid Abyssal Knight)           Turns: 2201, Time: 00:06:16

Health: -2/35      AC:  3    Str: 17    XL:     4   Next: 97%
Magic:  5/5        EV: 11    Int: 11    God:    Lugonu [**....]
Gold:   57         SH:  0    Dex: 11    Spells: 3/3 levels left

rFire    . . .     SeeInvis +   b - +0 hand axe (elec)
rCold    . . .     Gourm    .   (no shield)
rNeg     . . .     Faith    .   g - +0 leather armour
rPois    .         Spirit   .   (helmet unavailable)
rElec    .         Reflect  .   (no cloak)
rCorr    .         Harm     .   (no gloves)
MR       .....                  (no boots)
Stlth    +.........             (no amulet)
HPRegen  0.11/turn              (no ring)
MPRegen  0.09/turn              (no ring)

@: no status effects
A: permanent stasis, dig shafts and tunnels, four strong arms, antennae 3
a: Dig, Shaft Self, Depart the Abyss, Bend Space, Renounce Religion


You were on level 3 of the Dungeon.
You worshipped Lugonu.
Lugonu was pleased with you.
You were not hungry.

You visited 1 branch of the dungeon, and saw 3 of its levels.
You visited the Abyss 1 time.

You collected 57 gold pieces.

Inventory:

Hand Weapons
 a - a +1 hand axe
 b - a +0 hand axe of electrocution (weapon)
 d - a +0 longbow
 l - a +0 dagger
 p - a +0 dagger of venom
 q - a +0 mace
Missiles
 j - 31 sling bullets
 n - 40 stones (quivered)
 x - 10 poisoned needles
Armour
 g - a +0 leather armour (worn)
 h - a +0 ring mail
 m - a +0 chain mail
 o - a +0 chain mail
 u - a +0 ring mail
 v - a +0 buckler
 y - a +0 scale mail
Scrolls
 e - 2 scrolls of identify {unknown}
 f - a scroll of remove curse {unknown}
 i - 2 scrolls of amnesia {unknown}
 s - a scroll of teleportation {unknown}
 w - a scroll of immolation {unknown}
Potions
 k - a potion of brilliance {unknown}
 r - a potion of invisibility {unknown}
 t - a potion of mutation {unknown}
 A - a potion of curing {unknown}
Comestibles
 c - 5 rations
 z - 3 chunks of flesh


   Skills:
 - Level 3.2 Fighting
 * Level 4.6 Axes
 - Level 2.1 Armour
 + Level 1.1 Dodging
 - Level 2.1 Invocations


You had 3 spell levels left.
You didn't know any spells.
Your spell library contained the following spells:

 Spells                   Type           Power        Failure   Level  Hunger
 Summon Butterflies       Summ           #.......     38%         1    ##.....
 Call Canine Familiar     Summ           #.......     77%         3    ####...
 Summon Ice Beast         Ice/Summ       #.......     99%         4    #####..
 Summon Mana Viper        Hex/Summ       #.......     100%        5    ######.
 Summon Hydra             Summ           #.........   100%        7    #######


Dungeon Overview and Level Annotations

Branches:
Dungeon (3/15)

Altars:
Vehumet

Annotations:
D:3 1 runed door, Zanta616's ghost, amateur GrEn


Innate Abilities, Weirdness & Mutations

You cannot be hasted, slowed, berserked, paralysed or teleported.
You can dig through walls and to a lower floor.
Your four strong arms can wield two-handed weapons with a shield.
You have a pair of large antennae on your head. (SInv)


Message History

* * * LOW HITPOINT WARNING * * *
You hit the kobold.
The kobold is moderately wounded.
You closely miss the kobold. You hit the kobold but do no damage.
Lightning You kill the kobold!
Lugonu accepts your kill. The kobold hits you with a +0 whip.
* * * LOW HITPOINT WARNING * * *
The kobold throws a stone.
The stone hits you but does no damage.
You barely miss the kobold.
The kobold is moderately wounded.
You closely miss the kobold. You closely miss the kobold.
The kobold is moderately wounded.
You hit the kobold. You closely miss the kobold. The kobold hits you.
* * * LOW HITPOINT WARNING * * *
The kobold hits you with a +0 whip.
* * * LOW HITPOINT WARNING * * *
The kobold hits you.
You die...

#.# #.# #.# #.# ####
####### #÷# ##..$##
##.....###'###.....#
#............#.....#
#.#+#.##.....#.....+
##S####.....#..!$.#
##S####.....#KK...#
#W##>......#@KK.# #
#...).....#####
##.###.#### #.# #.#
########.# #.#
.........###+#####
......÷.['........
.........#........
.........#........
##########.#+#####
#.#


You could see 4 kobolds.

Vanquished Creatures
  A crimson imp (D:2)
  An adder (D:3)
  A dart slug (D:1)
  A leopard gecko (D:3)
  5 bats
  2 giant cockroaches
  5 goblins
  9 hobgoblins
  3 frilled lizards
  12 kobolds
  8 rats
48 creatures vanquished.

Notes
Turn   | Place    | Note
-------+----------+-------------------------------------------
     0 | Abyss:1  | bli the Formicid Abyssal Knight began the quest for the
                  | Orb.
     0 | Abyss:1  | Reached XP level 1. HP: 18/18 MP: 2/2
   187 | Abyss:2  | Noticed an ophan
   191 | D:1      | Escaped the Abyss
   369 | D:1      | Reached * piety under Lugonu
   412 | D:1      | Reached XP level 2. HP: 23/24 MP: 3/3
   632 | D:1      | Reached skill level 3 in Axes
  1132 | D:2      | Noticed a crimson imp
  1135 | D:2      | Reached XP level 3. HP: 27/29 MP: 4/4
  1168 | D:2      | Reached skill level 4 in Axes
  1168 | D:2      | Reached XP level 4. HP: 33/35 MP: 5/5
  1717 | D:2      | Found a radiant altar of Vehumet.
  1934 | D:3      | Reached skill level 1 in Dodging
  2166 | D:3      | Found a runed door.
  2167 | D:3      | Noticed Zanta616's ghost (amateur GrEn)
  2197 | D:3      | Reached ** piety under Lugonu
  2201 | D:3      | Slain by a kobold

Vault maps used:
D:1:      dpeg_arrival_refuge, minmay_misc_feat_chi, hangedman_feature_mirror,
          minivault_19, minmay_box_of_dots
D:2:      overflow_temple_1_default, first_ration
D:3:      lemuel_crystal_altar, ebering_ghost_sewer_d,
          minmay_goblin_kobold_house
Abyss:2:  evilmike_abyss_exit_12

Skill      XL: |  1  2  3  4 |
---------------+-------------+-----
Axes           | 3 4 |  4.6
Dodging        | 1 |  1.1
Fighting       | |  3.2
Armour         | |  2.1
Invocations    | |  2.1

Action                   |  1- 3 |  4- 6 || total
-------------------------+-------+-------++-------
Melee: Hand axe          |    64 |    62 ||   126
       Dagger            |     5 |       ||     5
Throw: Stone             |     5 |       ||     5
Invok: Depart the Abyss  |     1 |       ||     1
 Abil: Dig               |       |     3 ||     3
  Eat: Chunk             |     1 |     3 ||     4
Armor: Leather armour    |    15 |    14 ||    29
Dodge: Dodged            |    42 |    32 ||    74

Table legend:
 A = Non-vault XP
 B = Vault XP
 C = Vault XP percentage of total XP
 D = Non-vault monster count
 E = Vault monster count
 F = Vault count percentage of total count
                 A         B        C        D         E       F
            +---------+---------+-------+---------+---------+-------
      Total |     127 |      10 |   7.3 |      41 |       7 |  14.6
            +---------+---------+-------+---------+---------+-------
        D:1 |      25 |       2 |   7.4 |      15 |       2 |  11.8
        D:2 |      76 |       0 |   0.0 |      18 |       0 |   0.0
        D:3 |      26 |       8 |  23.5 |       8 |       5 |  38.5
            +---------+---------+-------+---------+---------+-------
